 Dungeon Crawl Stone Soup version 0.32-a0-40-g2adb59a (webtiles) character file.

Game seed: 8615345838534580415

135 Dorkslayer the Ruffian (level 5, 0/33 HPs)
             Began as an Octopode Shapeshifter on Jan 24, 2024.
             Slain by a gnoll bouda
             ... wielding a +0 whip
              (12 damage)
             ... on level 3 of the Dungeon.
             The game lasted 00:03:39 (2261 turns).

Dorkslayer the Ruffian (Octopode Shapeshifter)      Turns: 2261, Time: 00:03:40

Health: 0/33       AC:  1    Str: 15    XL:     5   Next: 18%
Magic:  5/5        EV: 13    Int: 13    God:
Gold:   64         SH:  0    Dex: 11    Spells: 4/4 levels left

rFire   + .          .
                       - Unarmed
rCold   . . .        (no shield)
rNeg    . . .        (helmet currently unavailable)
rPois   .            (no amulet)
rElec   .            g - ring of protection from fire
rCorr   .            (no ring)
SInv    .            (no ring)
Will    .....        (no ring)
Stlth   +++          (no ring)
HPRegen 0.25/turn    (no ring)
MPRegen 0.09/turn    (no ring)
                     (no ring)

%: no passive effects
@: beast-form
A: beast (slay +2), almost no armour, amphibious, 8 rings, camouflage 1,
gelatinous body 1, (nimble swimmer 1), tentacles
a: Begin Untransformation


You were on level 3 of the Dungeon.
You were a hulking beast.
You visited 1 branch of the dungeon, and saw 3 of its levels.

You collected 64 gold pieces.

Inventory:

Hand Weapons
 d - a +0 mace
Missiles
 f - 6 javelins (quivered)
Jewellery
 g - a ring of protection from fire (left tentacle)
Talismans
 b - a beast talisman
 c - a flux talisman
Scrolls
 a - a scroll of teleportation {unknown}
 e - a scroll of revelation {unknown}
 h - a scroll of vulnerability {unknown}
 i - a scroll of fog {unknown}
 k - 3 scrolls of identify {unknown}
 l - 3 scrolls of poison {unknown}
Potions
 j - a potion of attraction {unknown}
 m - a potion of brilliance {unknown}


   Skills:
 + Level 1.0 Fighting
 + Level 2.7 Dodging
 + Level 1.3 Stealth
 * Level 4.7 Unarmed Combat
 + Level 3.5 Shapeshifting


You had 4 spell levels left.
You didn't know any spells.
Your spell library contained the following spells:

 Spells                   Type           Power      Damage    Failure   Level
 Apportation              Tloc           0%         N/A       30%         1
 Jinxbite                 Hex            0%         N/A       43%         2
 Lesser Beckoning         Tloc           0%         N/A       43%         2
 Gell's Gravitas          Tloc           0%         N/A       67%         3
 Teleport Other           Tloc           0%         N/A       67%         3
 Alistair's Intoxication  Alch           0%         N/A       100%        5


Dungeon Overview and Level Annotations

Branches:
Dungeon (3/15)

Altars:


Innate Abilities, Weirdness & Mutations

You are a hulking beast.
Your limbs bulge with bestial killing power. (Slay +2)
You cannot wear most types of armour.
You are amphibious.
You can wear up to eight rings at the same time.
Your skin changes colour to match your surroundings (Stealth+).
Your rubbery body absorbs attacks. (AC +1, EV +1)
((You are camouflaged when in or above water. (Stealth+)))
You have tentacles for arms and can constrict up to eight enemies at once.


Message History

You kill the endoplasm!
A gnoll comes into view. It is wielding a +0 spear.
The gnoll shouts!
You tentacle-slap the ribbon worm. You grab the ribbon worm.
You squeeze the ribbon worm.
The ribbon worm is heavily wounded.
You constrict the ribbon worm. The orc closely misses you.
You tentacle-slap the ribbon worm. You squeeze the ribbon worm.
You kill the ribbon worm!
The gnoll bouda barks out a call to the hunt!
The gnoll picks up the pace!
A gnoll comes into view. It is wielding a +0 whip.
You barely miss the orc. You grab the orc. Your squeeze misses the orc.
You constrict the orc.
A gnoll comes into view. It is wielding a +0 whip.
The gnoll bouda gazes fiercely through you!
You feel your attacks grow feeble. The orc hits you with a +0 mace.
The gnoll shouts!
You barely miss the orc. You grab the orc. Your squeeze misses the orc.
You constrict the orc. x2
A giant cockroach comes into view.
The orc hits you with a +0 club.
You tentacle-slap the orc.
The orc is moderately wounded.
You constrict the orc. x2
You kill the orc!
The gnoll hits you from afar with a +0 spear.
The orc hits you with a +0 club.
You tentacle-slap the orc. You squeeze the orc.
You kill the orc!
The gnoll barely misses you.
You tentacle-slap the endoplasm.
You kill the endoplasm!
Your attacks no longer feel as feeble.
You barely miss the gnoll bouda. You grab the gnoll bouda.
You constrict the gnoll bouda.
The gnoll hits you from afar with a +0 spear.
The gnoll bouda hits you with a +0 whip!
You die...

.#.....###.......#
#..8...8.†........#
.##................##
........>...#).....##
..#........†....####
......8...8.....###
#....#.............
.......g8).........
......gggh.##........
.......B#####........
.#......# .........
..#...... ......
#......#. .....
....... ## ....
...#.#. ...#.##


You could see a gnoll bouda, 3 gnolls and a giant cockroach.

Vanquished Creatures
  An orc priest (D:3)
  3 gnolls
  An adder (D:3)
  2 dart slugs (D:1)
  A ribbon worm (D:3)
  6 orcs
  4 ball pythons (D:1)
  4 bats
  4 endoplasms
  4 giant cockroaches
  3 goblins
  2 hobgoblins (D:1)
  6 jackals
  2 quokkas
  2 frilled lizards (D:1)
  3 kobolds (D:1)
  5 rats
53 creatures vanquished.

Notes
Turn   | Place    | Note
-------+----------+-------------------------------------------
     0 | D:1      | Dorkslayer the Octopode Shapeshifter began the quest for
                  | the Orb.
     0 | D:1      | Reached XP level 1. HP: 13/13 MP: 1/1
   159 | D:1      | Reached XP level 2. HP: 18/18 MP: 2/2
   457 | D:1      | Reached XP level 3. HP: 19/23 MP: 3/3
  1772 | D:2      | Reached skill level 4 in Unarmed Combat
  1798 | D:2      | Reached XP level 4. HP: 23/28 MP: 4/4
  2120 | D:3      | Reached skill level 1 in Stealth
  2134 | D:3      | Reached XP level 5. HP: 10/33 MP: 5/5
  2261 | D:3      | Slain by a gnoll bouda

Illustrated notes

Levels and vault maps discovered:
D:1:      mrwooster_arrival_statue_3, layout_basic, minmay_misc_feat_ornament
D:2:      layout_basic, cheibrodos_gnoll_hut
D:3:      layout_rooms, pdpol_wu_jian_five_deadly_venoms, gammafunk_ghost_arena,
          grunt_ministairs_2

Skill      XL: |  1  2  3  4 |
---------------+-------------+-----
Unarmed Combat | 4 |  4.7
Stealth        | 1 |  1.3
Fighting       | |  1.0
Dodging        | |  2.7
Shapeshifting  | |  3.5

Action                     |  1- 3 |  4- 6 || total
---------------------------+-------+-------++-------
  Melee: Unarmed           |    70 |    36 ||   106
         Constrict         |    21 |    10 ||    31
         Tentacles         |    14 |     9 ||    23
         Punch             |       |     2 ||     2
   Stab: Sleeping          |     5 |       ||     5
 Armour: Skin              |    31 |    19 ||    50
  Dodge: Dodged            |    35 |    13 ||    48

Table legend: (Time is in decaauts)
 A = Elapsed time spent in this place.
 B = Non-inter-level travel time spent in this place.
 C = Inter-level travel time spent in this place.
 D = Time resting spent in this place.
 E = Time spent auto-exploring this place.
 F = Levels seen in this place.
 G = Mean time per level.
                   A        B        C        D        E       F      G
               +--------+--------+--------+--------+--------+-----+--------+
         Total |   2255 |   2255 |      0 |     79 |   1506 |   3 |  751.7 |
       Dungeon |   2255 |   2255 |      0 |     79 |   1506 |   3 |  751.7 |
               +--------+--------+--------+--------+--------+-----+--------+

Top non-repeatable levels by time:
     D:2: 1119 daAuts
     D:1: 1047 daAuts
     D:3: 88 daAuts
